 Dungeon Sprint DCSS version 0.27.0-1-g7a089689b8 (webtiles) character file.

Game seed: 18211757300032864635

11904 Groucho the Imperceptible (level 11, 54/57 HPs)
             Began as a Felid Berserker on Aug 2, 2021.
             Was the Champion of Trog.
             Got out of the dungeon alive.
             The game lasted 00:09:23 (2211 turns).

Groucho the Imperceptible (Felid Berserker)         Turns: 2211, Time: 00:09:24

Health: 54/57      AC:  2    Str: 13    XL:     11   Next: 55%
Magic:  12/12      EV: 30    Int:  9    God:    Trog [******]
Gold:   1261       SH:  0    Dex: 19    Spells: 10/10 levels left
                                        Lives:  2   Deaths: 0

rFire    . . .     SeeInvis +     - Unarmed
rCold    . . .     Faith    .   (shield unavailable)
rNeg     . . .     Spirit   .   (armour unavailable)
rPois    +         Reflect  .   (helmet unavailable)
rElec    .         Harm     .   (cloak unavailable)
rCorr    .         Rampage  .   (gloves unavailable)
Will     +....     NoTele   +   (boots unavailable)
Stlth    +++++++++.             (no amulet)
HPRegen  0.19/turn              l - ring of poison resistance
MPRegen  0.13/turn              (no ring)

@: quick
A: very small, claws 1, fangs 3, see invisible, speed 1, shaggy fur 2, stealthy
paws, no weapons or thrown items, no armour, multi-lived, deterioration 1,
inability to read while threatened
a: Renounce Religion, Berserk, Trog's Hand, Brothers in Arms


You escaped.
You worshipped Trog.
Trog was exalted by your worship.
You visited 1 branch You collected 1541 gold pieces.
You spent 280 gold pieces at shops.

Inventory:

Jewellery
 k - the amulet "Riplosam" {Reflect -Cast Harm Str+6 Dex+2 SH+5}
   (You found it in the Dungeon)

   [amulet of reflection]

   It reflects blocked missile attacks.
   Str:       It affects your strength (+6).
   Dex:       It affects your dexterity (+2).
   -Cast:     It prevents spellcasting.
   SH:        It affects your SH (+5).
   Harm:      It increases damage dealt and taken.
 l - a ring of poison resistance (left paw)
Wands
 g - a wand of flame (11)
 n - a wand of polymorph (7)
Scrolls
 f - a scroll of amnesia {unknown}
 j - a scroll of vulnerability {unknown}
 m - a scroll of immolation {unknown}
Potions
 a - 4 potions of curing
 b - a potion of heal wounds
 c - a potion of haste
 d - 4 potions of magic
 e - a potion of berserk rage
 h - a potion of brilliance {unknown}
 i - a potion of flight {unknown}


   Skills:
 + Level 12.7 Fighting
 + Level 15.9 Dodging
 + Level 24.4 Stealth
 + Level 12.7 Unarmed Combat


You had 10 spell levels left.
You didn't know any spells.
Your spell library was empty.

Dungeon Overview and Level Annotations

Branches:
Dungeon (1/1)

Altars:
Cheibriados
Dithmenos
Elyvilon
Fedhas
Gozag
Hepliaklqana
Kikubaaqudgha
Makhleb
Nemelex Xobeh
Okawaru
Qazlal
Ru
Sif Muna
Trog
Uskayaw
Vehumet
Wu Jian
Xom
Yredelemnul
Zin
The Shining One
Jiyva
Lugonu

Shops:
D [:[![(*(((*?[*[(([:[(


Innate Abilities, Weirdness & Mutations

You have sharp claws.
You have razor-sharp teeth.
You have supernaturally acute eyesight. (SInv)
You cover ground quickly. (Speed+)
You are covered in thick fur. (AC +2)
Your paws help you pounce on unaware monsters.
You are incapable of wielding weapons or throwing items.
You cannot wear armour.
You gain extra lives every three experience levels.
Your body sometimes deteriorates upon taking damage.
You sometimes lose the ability to read scrolls when taking damage.


Message History

You see here 27 gold pieces.
You pounce on the helpless ballistomycete spore from behind!
You eviscerate the ballistomycete spore!!!
The ballistomycete spore explodes!
The explosion of spores engulfs you!
You are confused.
Unknown command.
You now have 1062 gold pieces (gained 13).
You see here 23 bolts.
You feel less confused.
You now have 1089 gold pieces (gained 27).
You now have 1116 gold pieces (gained 27).
You now have 1143 gold pieces (gained 27).
a - 3 potions of curing (gained 1)
You now have 1170 gold pieces (gained 27).
a - 4 potions of curing (gained 1)
You now have 1197 gold pieces (gained 27).
You now have 1224 gold pieces (gained 27).
You now have 1251 gold pieces (gained 27).
You now have 1261 gold pieces (gained 10).
There is an open door here.
Things that are here:
a +2 short sword of distortion; 5 curare-tipped darts
There is an open door here.
There is an ornate altar of the Wu Jian Council here.
There is an open door here.
There is an open door here.
Things that are here:
a +0 scythe; a +0 robe
There is an open door here.
You see here a +0 giant spiked club.
There is an open door here.
There is an open door here.
Things that are here:
a +0 dagger; a +0 leather armour
There is a staircase leading out of the dungeon here.
Are you sure you want to leave the Dungeon?
This will make you lose the game! [Y]es or [N]o only, please.
Are you sure you want to leave the Dungeon?
This will make you lose the game!
You have escaped!

##################
#@.#..'..#.)'..#__
#..)..#.)'..#..'..
#..#####'#####'#__
#..####..#...#.###
#..#__####..##.#≈≈
#..#_____##'#_.§§≈
#⌠⌠#_.∩...'..._#≈§
####_..__##_.#'##+
#_____###'#.#(.


There were no monsters in sight!

Vanquished Creatures
  A hydra (D)
  2 centaur warriors (D)
  Sonja (D)
  A deep troll (D)
  A lindwurm (D)
  An oklob plant (D)
  A gargoyle (D)
  2 kobold demonologists (D)
  2 unseen horrors (D)
  A hornet (D)
  A slime creature (D)
  Sigmund (D)
  2 redbacks (D)
  A yak (D)
  13 hogs (D)
  3 floating eyes (D)
  An ogre (D)
  7 necrophages (D)
  8 jellies (D)
  Ijyb (D)
  A ballistomycete spore (D)
52 creatures vanquished.

Vanquished Creatures (collateral kills)
  8 shining eyes (D)
  2 merfolk sirens (D)
  4 demonic crawlers (D)
  A hellwing (D)
  4 floating eyes (D)
19 creatures vanquished.

Vanquished Creatures (others)
  A gargoyle (D)
  A ballistomycete spore (D)
2 creatures vanquished.

Grand Total: 73 creatures vanquished

Notes
Turn   | Place    | Note
-------+----------+-------------------------------------------
     0 | D        | Groucho the Felid Berserker began the quest for the Orb.
     0 | D        | Reached XP level 1. HP: 10/10 MP: 2/2
     1 | D        | Noticed Ijyb
     7 | D        | Killed Ijyb
     8 | D        | Reached skill level 8 in Stealth
     8 | D        | Reached XP level 2. HP: 14/14 MP: 3/3
   125 | D        | Noticed an ogre
   128 | D        | Killed an ogre
   129 | D        | Reached skill level 12 in Stealth
   129 | D        | Reached XP level 3. HP: 17/17 MP: 4/4
   129 | D        | Reached XP level 4. HP: 21/21 MP: 5/5
   141 | D        | Noticed Sigmund
   150 | D        | Killed Sigmund
   150 | D        | Reached ** piety under Trog
   151 | D        | Reached skill level 16 in Stealth
   151 | D        | Reached XP level 5. HP: 16/24 MP: 6/6
   486 | D        | Found a shimmering blue altar of Sif Muna.
   487 | D        | Found an ornate altar of the Wu Jian Council.
   488 | D        | Found a radiant altar of Vehumet.
   493 | D        | Gained mutation: You are covered in thick fur. (AC +2)
                  | [Felid growth]
   493 | D        | Reached XP level 6. HP: 28/28 MP: 7/7
   512 | D        | Found Xampoat's Distillery.
   512 | D        | Found an ancient bone altar of Kikubaaqudgha.
   512 | D        | Found a hazy altar of Hepliaklqana.
   512 | D        | Found a stormy altar of Qazlal.
   512 | D        | Found a hide-covered altar of Uskayaw.
   512 | D        | Found a blossoming altar of Fedhas.
   512 | D        | Found a bloodstained altar of Trog.
   512 | D        | Found an iron altar of Okawaru.
   512 | D        | Found a basalt altar of Yredelemnul.
   512 | D        | Found a glowing golden altar of the Shining One.
   512 | D        | Found a snail-covered altar of Cheibriados.
   512 | D        | Found a sacrificial altar of Ru.
   512 | D        | Found a glowing silver altar of Zin.
   512 | D        | Found a shadowy altar of Dithmenos.
   512 | D        | Found a white marble altar of Elyvilon.
   512 | D        | Noticed a yak
   513 | D        | Found an opulent altar of Gozag.
   514 | D        | Killed a yak
   515 | D        | Reached skill level 18 in Stealth
   515 | D        | Found a sparkling altar of Nemelex Xobeh.
   548 | D        | Found a burning altar of Makhleb.
   548 | D        | Found a shimmering altar of Xom.
   548 | D        | Noticed a slime creature
   549 | D        | Found a viscous altar of Jiyva.
   549 | D        | Found a corrupted altar of Lugonu.
   551 | D        | Killed a slime creature
   551 | D        | Reached *** piety under Trog
   552 | D        | Reached skill level 20 in Stealth
   552 | D        | Reached XP level 7. HP: 31/31 MP: 8/8
   576 | D        | Noticed a centaur warrior
   576 | D        | Noticed a centaur warrior
   577 | D        | Killed a centaur warrior
   578 | D        | Reached skill level 5 in Fighting
   578 | D        | Reached skill level 5 in Unarmed Combat
   578 | D        | Reached XP level 8. HP: 37/37 MP: 9/9
   578 | D        | Killed a centaur warrior
   579 | D        | Reached skill level 21 in Stealth
   591 | D        | Noticed a hornet
   594 | D        | Killed a hornet
   595 | D        | Reached XP level 9. HP: 43/43 MP: 10/10
   605 | D        | Noticed an oklob plant
   607 | D        | Killed an oklob plant
   607 | D        | Reached **** piety under Trog
   608 | D        | Reached skill level 10 in Dodging
   648 | D        | Noticed an unseen horror
   648 | D        | Noticed an unseen horror
   652 | D        | Killed an unseen horror
   652 | D        | Reached ***** piety under Trog
   654 | D        | Killed an unseen horror
   655 | D        | Reached skill level 22 in Stealth
   692 | D        | Killed a gargoyle
   956 | D        | Reached ****** piety under Trog
   958 | D        | Reached XP level 10. HP: 49/49 MP: 11/11
   978 | D        | Identified the +3 great sword of the Dead {vamp, rElec rF+
                  | SInv}
   979 | D        | Identified the amulet "Riplosam" {Reflect -Cast Harm Str+6
                  | Dex+2 SH+5}
   987 | D        | Found Pinwiaxi's Antique Weapon Shoppe.
   987 | D        | Found Muywn's General Store.
   987 | D        | Found Xudo's Weapon Boutique.
   989 | D        | Found Ujogh's Antique Weapon Emporium.
   989 | D        | Found Ewulev's General Store.
   989 | D        | Found Jonam's Magic Scroll Shoppe.
   989 | D        | Found Quthreih's Armour Boutique.
   989 | D        | Found Buegionk's General Store.
   989 | D        | Found Oxtalo's Armour Shop.
   989 | D        | Found Inizxisa's Antique Weapon Shoppe.
   993 | D        | Found Piecea Cidgha's Antique Weapon Boutique.
   994 | D        | Found Ujecrui's Book Emporium.
   994 | D        | Found Agabled's Armour Boutique.
   995 | D        | Found Peyd's Antique Weapon Emporium.
  1017 | D        | Bought a ring of poison resistance for 280 gold pieces
  1059 | D        | Noticed a deep troll
  1061 | D        | Killed a deep troll
  1062 | D        | Reached skill level 10 in Fighting
  1062 | D        | Reached skill level 10 in Unarmed Combat
  1073 | D        | Found Iqucad's Armour Emporium.
  1078 | D        | Noticed Sonja
  1081 | D        | Killed Sonja
  1095 | D        | Found Zoezul's Antique Armour Boutique.
  1109 | D        | Noticed a shining eye
  1109 | D        | Noticed a shining eye
  1109 | D        | Noticed a shining eye
  1109 | D        | Noticed a shining eye
  1109 | D        | Noticed a shining eye
  1109 | D        | Noticed a shining eye
  1111 | D        | Killed a shining eye
  1112 | D        | Killed a shining eye
  1113 | D        | Killed a shining eye
  1113 | D        | Gained mutation: Your body sometimes deteriorates upon
                  | taking damage. [a shining eye]
  1114 | D        | Reached skill level 23 in Stealth
  1114 | D        | Paralysed by a floating eye for 3 turns
  1114 | D        | Killed a shining eye
  1116 | D        | Killed a shining eye
  1117 | D        | Killed a shining eye
  1118 | D        | Noticed a shining eye
  1118 | D        | Noticed a shining eye
  1121 | D        | Killed a shining eye
  1121 | D        | Gained mutation: You sometimes lose the ability to read
                  | scrolls when taking damage. [a shining eye]
  1123 | D        | Killed a shining eye
  1126 | D        | Found Sayth's Book Shoppe.
  1126 | D        | Found Enunaruo's Antique Armour Shop.
  1126 | D        | Found Gustrompo's Armour Emporium.
  1126 | D        | Found Nilalury's Weapon Boutique.
  1179 | D        | Reached XP level 11. HP: 55/55 MP: 12/12
  1812 | D        | Noticed a lindwurm
  1814 | D        | Killed a lindwurm
  1826 | D        | Reached skill level 15 in Dodging
  1832 | D        | Reached skill level 24 in Stealth
  2025 | D        | Noticed a 12-headed hydra
  2027 | D        | Killed a 12-headed hydra
  2211 | D        | Got out of the dungeon alive.

Illustrated notes

Levels and vault maps discovered:
D:        dungeon_sprint_1 [red_sonja_temple_1, red_sonja_temple_small_1]

Skill      XL: |  1  2  3  4  5  6  7  8  9 10 11 |
---------------+----------------------------------+-----
Stealth        | 8 12 16 20 21 22 23 24 | 24.4
Fighting       | 5 7 9 11 12 | 12.7
Dodging        | 7 9 11 14 15 | 15.9
Unarmed Combat | 5 7 9 11 12 | 12.7

Action                   |  1- 3 |  4- 6 |  7- 9 | 10-12 || total
-------------------------+-------+-------+-------+-------++-------
Melee: Unarmed           |     5 |    10 |    22 |    49 ||    86
       Bite              |     3 |       |     1 |     3 ||     7
       Punch             |       |       |       |     1 ||     1
Invok: Berserk           |     1 |     1 |     1 |     1 ||     4
       Trog's Hand       |       |       |     1 |     1 ||     2
       Brothers in Arms  |       |       |       |     6 ||     6
  Use: Scroll            |       |       |     1 |       ||     1
 Stab: Sleeping          |     1 |     3 |    14 |    19 ||    37
       Distracted        |       |       |       |     1 ||     1
Armor: Skin              |       |       |       |     1 ||     1
Dodge: Dodged            |     3 |     3 |     7 |    47 ||    60
